 Dungeon Crawl Stone Soup version 0.22.0-5-gf09313c8f9 (webtiles) character file.

5 RKane the Grave Robber (level 1, -2/13 HPs)
             Began as a Vampire Necromancer on Aug 13, 2018.
             Slain by an ooze (4 damage)
             ... on level 1 of the Dungeon.
             The game lasted 00:01:55 (307 turns).

RKane the Grave Robber (Vampire Necromancer)         Turns: 307, Time: 00:01:55

Health: -2/13      AC:  2    Str:  7    XL:     1   Next: 66%
Magic:  0/3        EV: 13    Int: 17    God:
Gold:   0          SH:  0    Dex: 14    Spells: 2/4 levels left

rFire    . . .     SeeInvis +   c - +0 spear
rCold    . . .     Gourm    .   (no shield)
rNeg     + . .     Faith    .   a - +0 robe
rPois    .         Spirit   .   (no helmet)
rElec    .         Reflect  .   (no cloak)
rCorr    .         Harm     .   (no gloves)
MR       .....                  (no boots)
Stlth    ++........             (no amulet)
HPRegen  0.04/turn              (no ring)
MPRegen  0.08/turn              (no ring)

@: very slightly contaminated
A: fangs 3, see invisible, unbreathing
a: no special abilities


You were on level 1 of the Dungeon.
You were not thirsty.

You visited 1 branch of the dungeon, and saw 1 of its levels.

Inventory:

Hand Weapons
 c - a +0 spear (weapon)
   (You found it on level 1 of the Dungeon)
 e - a +0 short sword
   (You took it off a kobold on level 1 of the Dungeon)
Missiles
 s - 19 stones (quivered)
Armour
 a - a +0 robe (worn)
Scrolls
 b - a scroll of teleportation {unknown}
 d - a scroll of fog {unknown}
 f - a scroll of identify {unknown}
Potions
 q - a potion of blood {@q1}


   Skills:
 + Level 2.3 Dodging
 - Level 3.0 Stealth
 + Level 2.1 Spellcasting
 * Level 4.5 Necromancy


You had 2 spell levels left.
You knew the following spells:

 Your Spells              Type           Power        Failure   Level  Hunger
a - Pain                  Necr           ###.         3%          1    #......
A - Animate Skeleton      Necr           N/A          3%          1    #......

Your spell library contained the following spells:

 Spells                   Type           Power        Failure   Level  Hunger
 Animate Dead             Necr           N/A          28%         4    #####..
 Vampiric Draining        Necr           ###.......   9%          3    ###....
 Regeneration             Chrm/Necr      #.........   22%         3    ###....


Dungeon Overview and Level Annotations

Branches:
Dungeon (1/15)

Altars:


Innate Abilities, Weirdness & Mutations

You have razor-sharp teeth.
You have supernaturally acute eyesight. (SInv)
You can survive without breathing.


Message History

Aiming: Pain (safe; 3% risk of failure)
Press: ? - help, Shift-Dir - straight line, f - kobold
Aim: a kobold, wielding a short sword (resting, chance to defeat MR: 87%)
The kobold writhes in agony!
You kill the kobold!
You start resting.
s - 19 stones (gained 4)
You see here a short sword.
Unknown command.
e - a short sword
f - a scroll labeled BOCOFAU NITWYTZ You swap places.
You swap places.
You open the door.
A bat comes into view.
Casting: Pain (safe; 3% risk of failure)
Confirm with . or Enter, or press ? or * to list all spells.
Aiming: Pain (safe; 3% risk of failure)
Press: ? - help, Shift-Dir - straight line, f - bat
Aim: a bat (chance to defeat MR: 87%)
The bat writhes in agony!
You kill the bat!
A rat comes into view.
You start resting.
You swap places.
A frilled lizard comes into view.
Casting: Pain (safe; 3% risk of failure)
Confirm with . or Enter, or press ? or * to list all spells.
Aiming: Pain (safe; 3% risk of failure)
Press: ? - help, Shift-Dir - straight line, f - rat
Aim: a rat (chance to defeat MR: 87%)
The rat writhes in agony!
You kill the rat!
Casting: Pain (safe; 3% risk of failure)
Confirm with . or Enter, or press ? or * to list all spells.
You can't see any susceptible monsters within range! (Use Z to cast anyway.)
The frilled lizard hisses angrily.
Casting: Pain (safe; 3% risk of failure)
Confirm with . or Enter, or press ? or * to list all spells.
Aiming: Pain (safe; 3% risk of failure)
Press: ? - help, Shift-Dir - straight line, f - frilled lizard
Aim: a frilled lizard (chance to defeat MR: 87%)
The frilled lizard writhes in agony!
You kill the frilled lizard!
A kobold comes into view. It is wielding a short sword.
An ooze comes into view.
You see here a rat corpse.
You bottle the corpse's blood.
The kobold shouts!
Things that are here:
a potion of blood {@q1}; a rat skeleton
Casting: Pain (safe; 3% risk of failure)
Confirm with . or Enter, or press ? or * to list all spells.
Aiming: Pain (safe; 3% risk of failure)
Press: ? - help, Shift-Dir - straight line, f - kobold
Aim: a kobold, wielding a short sword (chance to defeat MR: 87%)
You miscast Pain.
You are very lightly contaminated with residual magic.
Nothing appears to happen.
The kobold throws a stone.
The stone barely misses you.
Casting: Pain (safe; 3% risk of failure)
Confirm with . or Enter, or press ? or * to list all spells.
You don't have enough magic to cast that spell.
Wield which item (- for none, * to show all)? (? for menu, Esc to quit)
c - a +0 spear (weapon)
Attack whom?
Press: ? - help, Dir - move target cursor, f/p - kobold
Aim: a kobold, wielding a short sword You reach to attack!
You barely miss the kobold.
Your bat skeleton misses the kobold.
The kobold hits your bat skeleton with a short sword.
Your bat skeleton barely misses the kobold.
Attack whom?
Press: ? - help, Dir - move target cursor, f/p - kobold
Aim: a kobold, wielding a short sword You reach to attack!
You hit the ooze but do no damage.
Your bat skeleton closely misses the kobold.
Your bat skeleton misses the kobold.
The kobold hits your bat skeleton with a short sword.
Your bat skeleton is destroyed!
Your hobgoblin skeleton hits the kobold but does no damage.
You hit the ooze.
The kobold barely misses your hobgoblin skeleton.
The ooze hits you.
Your hobgoblin skeleton hits the kobold but does no damage.
The kobold hits your hobgoblin skeleton with a short sword.
Your hobgoblin skeleton closely misses the kobold.
The kobold hits your hobgoblin skeleton with a short sword.
Your hobgoblin skeleton is destroyed!
The ooze hits you.
You completely miss the ooze. You bite the ooze, but do no damage.
The ooze hits you.
* * * LOW HITPOINT WARNING * * *
Casting: Pain (safe; 3% risk of failure)
Confirm with . or Enter, or press ? or * to list all spells.
Aiming: Pain (safe; 3% risk of failure)
Press: ? - help, Shift-Dir - straight line, f/p - ooze
Aim: an ooze (lightly wounded, chance to defeat MR: 76%)
The ooze writhes in agony!
The ooze hits you.
You die...

#...........
##.#.##.#.#
#.#.##.#.#..
#...........
#.#.##.#.#..
#...........
######.#.#......
...................
###.###.#@#..#.#...
#.###.#J#..#.#...
#.....(K.........
#.......!......#.
#.†#..#...)#.....
#..#..#..........
#. #.............
#.###.#.#..#.. ...
....#..# .


You could see an ooze and a kobold.

Vanquished Creatures
  A hobgoblin (D:1)
  2 bats (D:1)
  A frilled lizard (D:1)
  A kobold (D:1)
  2 rats (D:1)
7 creatures vanquished.

Notes
Turn   | Place    | Note
-------+----------+-------------------------------------------
     0 | D:1      | RKane the Vampire Necromancer began the quest for the Orb.
     0 | D:1      | Reached XP level 1. HP: 13/13 MP: 3/3
   127 | D:1      | Learned a level 1 spell: Animate Skeleton
   306 | D:1      | HP: 3/13 [ooze (4)]
   307 | D:1      | Slain by an ooze

Action                   || total
-------------------------++-------
Melee: Spear             ||     4
       Bite              ||     1
 Cast: Pain              ||    10
       Animate Skeleton  ||     2
Armor: Robe              ||     1
Dodge: Dodged            ||     1

Table legend:
 A = Turns spent in this place as a percentage of turns spent in the entire game.
 B = Non-inter-level travel turns spent in this place as a percentage of non-inter-level travel turns spent in the entire game.
 C = Inter-level travel turns spent in this place as a percentage of turns spent in this place.
 D = Turns resting spent in this place as a percentage of non-inter-level travel turns spent in this place.
 E = Turns spent auto-exploring this place as a percentage of non-inter-level travel turns spent in this place.
 F = Non-inter-level travel turns spent in this place divided by the number of levels of this place that you've seen.
                   A       B       C       D       E      F
               +-------+-------+-------+-------+-------+----------------------
         Total | 100.0 | 100.0 |   0.0 |  41.0 |  30.3 | 307.0
       Dungeon | 100.0 | 100.0 |   0.0 |  41.0 |  30.3 | 307.0
               +-------+-------+-------+-------+-------+----------------------

Table legend:
 A = Kills in this place as a percentage of kills in entire the game.
 B = Kills by you in this place as a percentage of kills by you in the entire game.
 C = Kills by friends in this place as a percentage of kills by friends in the entire game.
 D = Other kills in this place as a percentage of other kills in the entire game.
 E = Experience gained in this place as a percentage of experience gained in the entire game.
 F = Experience gained in this place divided by the number of levels of this place that you have seen.
                   A       B       C       D       E      F
               +-------+-------+-------+-------+-------+----------------------
         Total | 100.0 | 100.0 |   N/A |   N/A | 100.0 |   8.0
       Dungeon | 100.0 | 100.0 |   N/A |   N/A | 100.0 |   8.0
               +-------+-------+-------+-------+-------+----------------------
